 Dungeon Crawl Stone Soup version 0.18-a0-33-g9e10395 (webtiles) character file.

126 jalm the Insei (level 5, -1/37 HPs)
             Began as a Merfolk Transmuter on Nov 5, 2015.
             Slain by an adder (5 damage)
             ... on level 3 of the Dungeon.
             The game lasted 00:07:59 (1955 turns).

jalm the Insei (Merfolk Transmuter)                 Turns: 1955, Time: 00:07:59

Health: -1/37      AC:  2    Str: 10    XL:     5   Next: 10%
Magic:  8/8        EV: 13    Int: 13    God:
Gold:   142        SH:  0    Dex: 15    Spells: 3 memorised, 2 levels left

rFire  . . .     SeeInvis .       - Unarmed
rCold  . . .     Clarity  .     b - +0 robe
rNeg   . . .     SustAt   .     (no shield)
rPois  .         Gourm    .     (no helmet)
rElec  .         Spirit   .     (no cloak)
rCorr  .         Warding  .     (no gloves)
rMut   .         Stasis   .     (no boots)
MR     .....                    (no amulet)
Stlth  +.........               (no ring)
                                (no ring)

@: lethally poisoned (-1 -> -6), flying, not resistant to hostile enchantments,
very unstealthy
A: change form in water, swift swim
a: no special abilities


You were on level 3 of the Dungeon.
You were not hungry.

You visited 1 branch of the dungeon, and saw 3 of its levels.

You collected 142 gold pieces.

Inventory:

Missiles
 a - 24 arrows (quivered)
 j - 16 arrows of frost
Armour
 b - a +0 robe (worn)
 l - a +0 leather armour
Jewellery
 r - an uncursed ring of protection from fire {unknown}
Wands
 m - a wand of polymorph (3)
Scrolls
 h - a scroll of remove curse
 n - a scroll of teleportation {unknown}
 p - a scroll of identify {unknown}
Potions
 e - a potion of magic {unknown}
 f - a potion of haste {unknown}
 i - a potion of curing {unknown}
 q - a potion of lignification {unknown}
Books
 c - a book of Changes

   Spells                             Type                      Level
   a - Beastly Appendage              Transmutation                1
   b - Sticks to Snakes               Transmutation                2
   c - Spider Form                    Transmutation/Poison         3
   d - Ice Form                       Ice/Transmutation            4
   e - Blade Hands                    Transmutation                5
Comestibles
 d - 2 bread rations


   Skills:
 - Level 1.1 Fighting
 - Level 2.6 Dodging
 * Level 6.0 Unarmed Combat
 - Level 2.0 Spellcasting
 + Level 3.1 Transmutations


You had 2 spell levels left.
You knew the following spells:

 Your Spells              Type           Power        Failure   Level  Hunger
a - Beastly Appendage     Trmt           #.....       10%         1    ##.....
b - Sticks to Snakes      Trmt           #.........   12%         2    ###....
c - Spider Form           Trmt/Pois      #.........   38%         3    ####...


Dungeon Overview and Level Annotations

Branches:
Dungeon (3/15)

Altars:
Kikubaaqudgha
Qazlal
Xom


Message History

The jackal is severely wounded.
The adder misses you. The jackal bites you.
* * * LOW HITPOINT WARNING * * *
The orc hits you with a hand axe.
* * * LOW HITPOINT WARNING * * *
The orc wizard mumbles some strange words.
The orc wizard blinks!
You hit the jackal.
You kill the jackal!
The orc priest closely misses you. The adder bites you.
* * * LOW HITPOINT WARNING * * *
You are lethally poisoned!
The adder poisons you! The orc barely misses you.
* * * LOW HITPOINT WARNING * * *
You feel sick.
Drink which item? (? for menu, Esc to quit)
It was a potion of flight.
You feel very buoyant.
You fly up into the air.
The adder bites you.
You die...

*,**,,,,,,*§.,,* #.#........#....
*,*,,,,,,,*..,,* #.#.##.#.###....
*,*,,,,,,,*#.*** #.#..........._.
*,*,*+*****#.* #.####.#.#.#....
*,*,*,######.#####.####.#.#.#§...
,,,,,,..[...................###.#
*,***,**#......########..........
*,* *,###.....o########.#.≈######
*,***,....o...oS@........≈....,,,
,,,*,,....§....##.........≈.≈.≈,≈
,,,*,,.........#*........≈.....,,
,,,*,,....######*.........≈####**
,,,***####* *####.###### **** *,#
*,* *,*** *,,,**


You could see an orc priest, an orc wizard, an adder and an orc.

Vanquished Creatures
  A vampire bat (D:2)
  2 adders
  An ooze (D:2)
  2 worms (D:2)
  3 ball pythons
  A bat skeleton (D:2)
  5 bat zombies (D:2)
  3 giant cockroaches
  6 hobgoblins
  5 jackals
  9 kobolds
  9 bats
  A giant newt (D:1)
  10 goblins
  4 rats
62 creatures vanquished.

Notes
Turn   | Place    | Note
--------------------------------------------------------------
     0 | D:1      | jalm the Merfolk Transmuter began the quest for the Orb.
     0 | D:1      | Reached XP level 1. HP: 15/15 MP: 3/3
   285 | D:1      | Reached XP level 2. HP: 4/21 MP: 3/5
   295 | D:1      | Reached skill level 4 in Unarmed Combat
   300 | D:1      | Learned a level 2 spell: Sticks to Snakes
   876 | D:1      | Reached XP level 3. HP: 23/26 MP: 3/6
  1073 | D:1      | Learned a level 3 spell: Spider Form
  1127 | D:2      | Found a shimmering altar of Xom.
  1321 | D:2      | Reached skill level 5 in Unarmed Combat
  1448 | D:2      | Reached XP level 4. HP: 32/32 MP: 3/7
  1631 | D:2      | Found an ancient bone altar of Kikubaaqudgha.
  1837 | D:3      | Reached XP level 5. HP: 32/37 MP: 6/8
  1905 | D:3      | Found a stormy altar of Qazlal.
  1944 | D:3      | Reached skill level 6 in Unarmed Combat
  1948 | D:3      | HP: 1/37 [orc/hand axe (6)]
  1955 | D:3      | Slain by an adder

Vault maps used:
D:1:      saegor_arrival_simple_b, hangedman_decor_riveting, nrook_loot_triangle
D:2:      kennysheep_vampire_church, xom_butterflies
D:3:      forest_paths, old_standard_altar, nicolae_ru_path_of_blood,
          first_bread, grunt_qazlal_clouds

Action                   |  1- 3 |  4- 6 || total
-------------------------+-------+-------++-------
Melee: Unarmed           |   110 |    47 ||   157
 Cast: Beastly Appendage |    38 |    12 ||    50
  Use: Potion            |       |     3 ||     3
       Scroll            |       |     2 ||     2
 Stab: Sleeping          |       |     2 ||     2
  Eat: Chunk             |     3 |     2 ||     5
